Unix NetHack Version 3.7.0-71 Work-in-progress - last build Jan 31 2023 02:41:03 (7ba98a1283f2b7cec35fde026edb48fc825ab8ae,branch:master). Game began 2023-02-07 19:40:33, ended 2023-02-07 19:45:09. Gandelf, neutral male human Monk ----- -- ---- --...| -.----|..|-----....--- -- .....||..--..........| --.-- ....---.............| |...| -....|--%...........-- |..-- |....--|......--.|...--- |..| -....||-.---.------...|--..| |....--(---|.. -----..--...| --- --...%G[@--.---.............| |....<--............------......| |.....|--..........-- |......| --....|--.........-| --.....| ---.---...........| |-....| ---.............--- |....-- ---.......-.....-...-------...| -..............................| |..|.--....------..-------...| ----- --.--- --.| --.-- --- --- --- Gandelf the Novice St:17 Dx:14 Co:11 In:10 Wi:13 Ch:10 Neutral S:404 Dlvl:3 $:16 HP:0(27) Pw:14(16) AC:3 Xp:3/72 T:388 Latest messages: Welcome to experience level 3. You feel healthy! x - a broad short sword. y - a broad pick. There are several more objects here. You see here a large box. Hmmm, the large box turns out to be locked. The air around you begins to shimmer with a golden haze. You kill the invisible gnome! z - a tripe ration. The golden haze around you becomes less dense. The golden haze around you disappears. You kill the gnome! You see here an orange gem. p - an orange gem (2 in total). The gnome picks up a dagger. In what direction? k You kick a locked large box. THUD! In what direction? k You kick a locked large box. THUD! In what direction? k You kick a locked large box. THUD! In what direction? k You kick a locked large box. THUD! In what direction? k You kick a locked large box. THUD! The gnome throws a dagger! A dagger misses you. In what direction? k You kick a locked large box. THUD! In what direction? You kill the gnome lord! In what direction? k You kick a locked large box. THUD! In what direction? k You kick a locked large box. THUD! You break open the lock! You trigger a trap! You are jolted by a surge of electricity! Your wand called v1 breaks apart and explodes! You die... Do you want your possessions identified? [ynq] (y) q Inventory: Coins $ - 16 gold pieces Weapons y - a +0 dwarvish mattock x - a +2 dwarvish short sword q - a +0 quarterstaff Armor a - an uncursed +2 pair of leather gloves (being worn) t - an uncursed +0 pair of speed boots (being worn) w - an uncursed +1 dwarvish cloak b - an uncursed +1 robe (being worn) Comestibles h - 6 uncursed apples g - 3 uncursed food rations l - 2 uncursed food rations j - 3 uncursed fortune cookies i - 5 uncursed oranges z - an uncursed tripe ration s - an uncursed lichen corpse Scrolls m - an uncursed scroll of enchant weapon d - a blessed scroll of scare monster n - a blessed scroll of scare monster Spellbooks c - a blessed spellbook of protection Potions v - a blessed potion of object detection e - 2 uncursed potions of water f - a potion of unholy water Wands o - a wand of speed monster (0:5) Tools k - a magic marker (0:30) r - an uncursed mirror Gems/Stones p - 2 uncursed worthless pieces of orange glass Gandelf the Monk's attributes: Background: You were a Novice, a level 3 male human Monk. You were neutral, on a mission for Chih Sung-tzu who was opposed by Shan Lai Ching (lawful) and Huan Ti (chaotic). You were in the Gnomish Mines, on level 3. You entered the dungeon 388 turns ago. There was a full moon in effect when your adventure ended. You had 72 experience points, 8 more were needed to attain level 4. Your score was 404 before end-of-game adjustments. Basics: You had 0 out of 27 hit points. You had 14 out of 16 energy points (spell power). Your armor class was 3. Your wallet contained 16 zorkmids. Autopickup was on for '$)?+!=/' plus thrown. Final Characteristics: Your strength was 17 (limit:18/100). Your dexterity was 14 (limit:18). Your constitution was 11 (limit:18). Your intelligence was 10 (limit:18). Your wisdom was 13 (limit:18). Your charisma was 10 (limit:18). Final Status: You were not hungry. You were unencumbered. You were empty handed. You had basic skill with martial arts. Final Attributes: You were fervently aligned. You were sleep resistant. You were poison resistant. You saw invisible. You were guarded. You were very fast. You were lucky. You are dead. Miscellaneous: You never encountered a bones level. Total elapsed playing time was 4 minutes and 36 seconds. Major events: Turn 1: Gandelf the neutral male human Monk entered the dungeon 329: entered the Gnomish Mines 338: attained the rank of Novice (level 3) 388: killed by an electric shock Vanquished creatures: a gnome leader 2 dwarves 2 gnomes a jackal a kobold a goblin a grid bug 2 lichens a newt 12 creatures vanquished. No species were genocided or became extinct. Voluntary challenges: You went without food. You were an atheist. You never hit with a wielded weapon. You read items or engraved 3 times. You never engraved Elbereth. You never genocided any monsters. You never polymorphed an object. You never changed form. You used no wishes. Achievements: You entered the Gnomish Mines. You attained the rank of Novice. The Dungeons of Doom: levels 1 to 2 Level 1: A fountain. Level 2: A fountain. Stairs down to The Gnomish Mines. The Gnomish Mines: Level 3: <- You were here. Final resting place for you, killed by an electric shock. Game over: ---------- / \ / REST \ / IN \ / PEACE \ / \ | Gandelf | | 16 Au | | killed by an | | electric shock | | | | | | 2023 | *| * * * | * _________)/\\_//(\/(/\)/\//\/|_)_______ Goodbye Gandelf the Monk... You died in The Gnomish Mines on dungeon level 3 with 403 points, and 16 pieces of gold, after 388 moves. You were level 3 with a maximum of 27 hit points when you died.